 Dungeon Crawl Stone Soup version 0.31-b1-12-gca42e3d1b8 (webtiles) character file.

Game seed: 4148958515822625285

56 Arctor the Shield-Bearer (level 3, -2/29 HPs)
             Began as a Human Fighter on Jan 14, 2024.
             Was an Initiate of Ru.
             Slain by a goblin
             ... wielding a +0 dagger
             ... led by Robin
              (3 damage)
             ... on level 2 of the Dungeon.
             The game lasted 00:01:07 (744 turns).

Arctor the Shield-Bearer (Human Fighter)             Turns: 744, Time: 00:01:07

Health: -2/29      AC:  6    Str: 18    XL:     3   Next: 97%
Magic:  3/3        EV:  9    Int:  8    God:    Ru [......]
Gold:   62         SH:  4    Dex: 12    Spells: 2/2 levels left

rFire   . . .        a - +0 war axe
rCold   . . .        c - +0 buckler
rNeg    . . .        b - +0 scale mail
rPois   .            (no helmet)
rElec   .            (no cloak)
rCorr   .            (no gloves)
SInv    .            (no boots)
Will    .....        (no amulet) Stlth
                     (no ring)
HPRegen 0.24/turn    (no ring)
MPRegen 0.08/turn

%: no passive effects
@: no status effects
A: explore regen
a: Renounce Religion, Sacrifice Words, Sacrifice Essence, Sacrifice Skill,
Reject Sacrifices


You were on level 2 of the Dungeon.
You worshipped Ru.
Ru was noncommittal.
You visited 1 branch of the dungeon, and saw 2 of its levels.

You collected 62 gold pieces.

Inventory:

Hand Weapons
 a - a +0 war axe (weapon)
Armour
 b - a +0 scale mail (worn)
 c - a +0 buckler (worn)
Scrolls
 e - 7 scrolls of identify {unknown}
Potions
 d - a potion of might
 f - a potion of attraction {unknown}


   Skills:
 + Level 3.4 Fighting
 + Level 2.6 Axes
 + Level 3.5 Armour
 + Level 3.5 Shields


You had 2 spell levels left.
You didn't know any spells.
Your spell library contained the following spells:

 Spells                   Type           Power      Damage    Failure   Level
 Cause Fear               Hex            0%         N/A       100%        4
 Fireball                 Conj/Fire      0%         3d3       100%        5
 Dragon's Call            Summ           0%         N/A       100%        9


Dungeon Overview and Level Annotations

Branches:
Dungeon (2/15)

Altars:
Ru
Sif Muna

Annotations:
D:2 Robin


Innate Abilities, Weirdness & Mutations

You regain HP and MP as you explore.


Message History

A goblin comes into view. It is wielding a +0 dagger.
Robin throws the goblin at you! The goblin hits you but does no damage.
The hobgoblin hits you. The goblin closely misses you.
There are monsters nearby!
You slash the goblin!
You kill the goblin!
You miss the goblin. You closely miss the hobgoblin. The hobgoblin hits you.
The goblin hits you but does no damage.
There are monsters nearby!
You are too injured to fight recklessly!
There are monsters nearby!
You are too injured to fight recklessly!
Unknown command.
You are too injured to fight recklessly!
There are monsters nearby!
You are too injured to fight recklessly!
Unknown command.
There are monsters nearby!
You are too injured to fight recklessly!
Unknown command.
There are monsters nearby!
You barely miss the hobgoblin. You barely miss the goblin.
Robin throws the goblin at you! You block the goblin's attack.
The hobgoblin closely misses you. The goblin hits you with a +0 club.
You hit the hobgoblin.
You kill the hobgoblin!
You barely miss the goblin. You hit the goblin.
The goblin hits you with a +0 dagger.
* * * LOW HITPOINT WARNING * * *
The goblin hits you with a +0 club.
* * * LOW HITPOINT WARNING * * *
The goblin hits you but does no damage. The goblin completely misses you.
The goblin hits you with a +0 dagger.
* * * LOW HITPOINT WARNING * * *
You hit the goblin.
The goblin is moderately wounded.
You miss the goblin. You barely miss the goblin.
A hobgoblin comes into view.
The goblin hits you with a +0 dagger.
You die...

#.....# #.###.#
######## #.# #.#
g.#....# #.###.#
#.#....# #..†..#
#g#....########..#
#g#.......####...# #
#g#....##.#...<..#
#.#@#.#####.#.##.#.#
#.#.)gg.#####.#.#..#.#
..........†............
####.#.#####.....#.....
#.#.# #...##..####
#...# #......##...
##### ####.#.###...
#....#.......
###+####<......


You could see Robin, a hobgoblin (wandering, strong) and 4 goblins.

Vanquished Creatures
  An adder (D:2)
  A ribbon worm (D:2)
  2 dart slugs (D:1)
  2 ball pythons (D:1)
  6 endoplasms
  A giant cockroach (D:2)
  8 goblins
  3 hobgoblins
  3 jackals (D:1)
  2 kobolds
  2 bats (D:1)
  4 frilled lizards
  A rat (D:1)
36 creatures vanquished.

Notes
Turn   | Place    | Note
-------+----------+-------------------------------------------
     0 | D:1      | Arctor the Human Fighter began the quest for the Orb.
     0 | D:1      | Reached XP level 1. HP: 18/18 MP: 1/1
    60 | D:1      | Reached XP level 2. HP: 22/24 MP: 2/2
   154 | D:1      | Reached XP level 3. HP: 29/29 MP: 3/3
   392 | D:1      | Found a faded altar of an unknown god.
   398 | D:1      | Prayed at the altar of an unknown god.
   398 | D:1      | Became a worshipper of Ru the Awakened
   586 | D:2      | Found a shimmering blue altar of Sif Muna.
   737 | D:2      | Noticed Robin
   743 | D:2      | HP: 1/29 [goblin/+0 dagger[Robin] (2)]
   744 | D:2      | Slain by a goblin

Illustrated notes

Levels and vault maps discovered:
D:1:      psy_arrival_statuary, layout_rooms, basic_ecumenical_altar,
          grunt_decor_clamped
D:2:      layout_basic, basic_altar, uniq_robin

Action                     || total
---------------------------++-------
  Melee: War axe           ||    91
 Armour: Scale mail        ||    81
  Dodge: Dodged            ||    42
  Block: Buckler           ||    27
